 Dungeon Crawl Stone Soup version 0.23.2-40-g277498a001 (webtiles) character file.

Game seed: 10311467184348221078

177 Descartes the Shield-Bearer (level 5, 0/42 HPs)
             Began as a Formicid Fighter on Oct 16, 2019.
             Slain by Nivan's ghost (6 damage)
             ... on level 3 of the Dungeon.
             The game lasted 00:05:14 (1734 turns).

Descartes the Shield-Bearer (Formicid Fighter)      Turns: 1734, Time: 00:05:15

Health: 0/42       AC:  9    Str: 25    XL:     5   Next: 87%
Magic:  5/5        EV: 10    Int: 10    God:
Gold:   107        SH: 10    Dex: 11    Spells: 4/4 levels left

rFire    . . .     SeeInvis +   a - +0 war axe
rCold    . . .     Gourm    .   c - +0 shield
rNeg     . . .     Faith    .   n - +0 chain mail
rPois    .         Spirit   .   (helmet unavailable)
rElec    .         Reflect  .   (no cloak)
rCorr    .         Harm     .   (no gloves)
MR       .....                  (no boots)
Stlth    ..........             (no amulet)
HPRegen  0.14/turn              g - +2 ring of intelligence
MPRegen  0.09/turn              j - +3 ring of evasion

@: mighty
A: permanent stasis, dig shafts and tunnels, four strong arms, antennae 3
a: Dig, Shaft Self


You were on level 3 of the Dungeon.
You were not hungry.

You visited 1 branch of the dungeon, and saw 3 of its levels.

You collected 107 gold pieces.

Inventory:

Hand Weapons
 a - a +0 war axe (weapon)
Missiles
 e - 123 stones (quivered)
Armour
 b - a +0 scale mail
 c - a +0 shield (worn)
 n - a +0 chain mail (worn)
Jewellery
 g - a +2 ring of intelligence (left hand)
 j - a +3 ring of evasion (right hand)
Wands
 o - a wand of disintegration (8)
Scrolls
 h - a scroll of fog {unknown}
 i - 3 scrolls of remove curse {unknown}
 l - 3 scrolls of magic mapping {unknown}
Potions
 m - a potion of brilliance {unknown}
Comestibles
 f - 6 rations
 k - 10 chunks of flesh


   Skills:
 + Level 4.1 Fighting
 + Level 2.9 Axes
 + Level 4.0 Armour
 + Level 1.4 Dodging
 * Level 5.1 Shields


You had 4 spell levels left.
You didn't know any spells.
Your spell library was empty.

Dungeon Overview and Level Annotations

Branches:
Dungeon (3/15)

Altars:
Ru
Wu Jian
Xom
Yredelemnul

Annotations:
D:3 Nivan's ghost, amateur MiFi


Innate Abilities, Weirdness & Mutations

You cannot be hasted, slowed, berserked, paralysed or teleported.
You can dig through walls and to a lower floor.
Your four strong arms can wield two-handed weapons with a shield.
You have a pair of large antennae on your head. (SInv)


Message History

You slash the leopard gecko!
You kill the leopard gecko!
Nivan's ghost hits you!
You slash Nivan's ghost!
Nivan's ghost is moderately damaged.
You feel sick. Nivan's ghost misses you.
You barely miss Nivan's ghost.
Nivan's ghost is moderately damaged.
Nivan's ghost hits you.
* * * LOW HITPOINT WARNING * * *
You slash Nivan's ghost!
Nivan's ghost is heavily damaged.
Nivan's ghost hits you but does no damage.
You block Nivan's ghost's attack.
You slash Nivan's ghost!
Nivan's ghost is severely damaged.
You feel sick.
You are no longer poisoned.
Nivan's ghost hits you.
You die...

{ #########
#....W@.##########
#...[##..........#
###'###.####.###.#
#≈≈≈#.....#.###.#
#≈≈W##.##.....#.#
#≈≈≈##.####.#)#)#
#≈≈≈#........).)#
#≈!≈###########÷#
#≈≈≈#......####.##


You could see Nivan's ghost.

Vanquished Creatures
  An orc priest (D:3)
  An orc wizard (D:3)
  5 adders
  A worm (D:2)
  5 dart slugs
  3 leopard geckos
  7 orcs (D:3)
  A ball python (D:3)
  3 giant cockroaches
  5 goblins
  3 hobgoblins
  4 jackals
  A quokka (D:2)
  4 bats
  4 frilled lizards
  6 kobolds
  5 rats
59 creatures vanquished.

Notes
Turn   | Place    | Note
-------+----------+-------------------------------------------
     0 | D:1      | Descartes the Formicid Fighter began the quest for the Orb.
     0 | D:1      | Reached XP level 1. HP: 18/18 MP: 1/1
   111 | D:1      | Reached XP level 2. HP: 21/24 MP: 2/2
   170 | D:1      | Reached skill level 4 in Shields
   202 | D:1      | Reached XP level 3. HP: 29/29 MP: 3/3
   818 | D:2      | Reached XP level 4. HP: 29/37 MP: 4/4
   832 | D:2      | Reached skill level 1 in Dodging
  1119 | D:2      | Found a glowing golden altar of the Shining One.
  1121 | D:2      | Found a basalt altar of Yredelemnul.
  1121 | D:2      | Found a shimmering altar of Xom.
  1123 | D:2      | Found a basalt altar of Yredelemnul.
  1123 | D:2      | Found a sacrificial altar of Ru.
  1123 | D:2      | Found an ornate altar of the Wu Jian Council.
  1573 | D:3      | Reached XP level 5. HP: 28/42 MP: 5/5
  1574 | D:3      | Reached skill level 5 in Shields
  1689 | D:3      | Found a runed translucent door.
  1705 | D:3      | Noticed Nivan's ghost (amateur MiFi)
  1734 | D:3      | Slain by Nivan's ghost

Skill      XL: |  1  2  3  4  5 |
---------------+----------------+-----
Shields        | 4 5 |  5.1
Dodging        | 1 |  1.4
Fighting       | 4 |  4.1
Armour         | 4 |  4.0
Axes           | |  2.9

Action                   |  1- 3 |  4- 6 || total
-------------------------+-------+-------++-------
Melee: War axe           |    58 |    98 ||   156
 Abil: Dig               |     1 |       ||     1
  Use: Potion            |       |     1 ||     1
  Eat: Chunk             |       |     3 ||     3
Armor: Scale mail        |    28 |    14 ||    42
       Chain mail        |       |    26 ||    26
Dodge: Dodged            |    26 |    52 ||    78
Block: Shield            |    34 |    58 ||    92
